[Event "Titled Tuesday Blitz January 03 Early 2023"]
[White "Boros, Denes"]
[Black "Makarian, Rudik"]
[WhiteFideId "722340"]
[BlackFideId "44105681"]
[WhiteElo "2406"]
[BlackElo "2545"]
[Result "1-0"]
[Round "05"]
[TimeControl "180+2"]
[Date "2023.01.03"]
[WhiteClock "0:00:17"]
[BlackClock "0:00:09"]

1. e4 e5 2. Nf3 Nc6 3. Nc3 Nf6 4. h3 a6 5. g3 Bc5 6. Bg2 d6 7. d3 h6 8. a3 O-O 9. O-O Be6 10. Kh2 d5 11. exd5 Nxd5 12. Qe2 Re8 13. Be3 Nd4 14. Qd2 Nxf3+ 15. Bxf3 Nxe3 16. fxe3 c6 17. Ne4 Be7 18. Bg4 Qd7 19. Bxe6 Qxe6 20. g4 Bh4 21. Rf3 b6 22. Raf1 f6 23. Rf5 Rf8 24. Rh5 Bg5 25. h4 Qxg4 26. Qd1 Qxd1 27. Rxd1 g6 28. hxg5 gxh5 29. gxf6 Kf7 30. Rf1 Ke6 31. Rf3 Rf7 32. Rh3 Rg8 33. Rxh5 Rg6 34. b4 Rf8 35. d4 exd4 36. exd4 Rfxf6 37. Re5+ Kd7 38. Nxf6+ Rxf6 39. Kg3 Kd6 40. c4 Rf1 41. Rh5 Kd7 42. Rxh6 Ra1 43. Kf4 Rxa3 44. c5 bxc5 45. bxc5 Ra1 46. Rh7+ Ke6 47. Ke4 Re1+ 48. Kd3 Rd1+ 49. Kc3 Rc1+ 50. Kb4 a5+ 51. Kxa5 Rb1 52. Rh6+ Kd5 53. Rd6+ Kc4 54. Ka6 Rb2 55. Ka7 Rb1 56. Ka6 Rb2 57. Rd8 Rb1 58. Rd7 Rb2 59. Rb7 Rh2 60. Kb6 Kxd4 61. Rd7+ Kc4 62. Rd6 Rh5 63. Rxc6 Rg5 64. Rc8 Kb4 65. Rc7 Rf5 66. Rc8 Rg5 67. c6 Rb5+ 68. Kc7 Kc5 69. Rf8 Rb1 70. Rf5+ Kd4 71. Kd7 Rh1 72. Rf7 Rh7 73. Rxh7 1-0


[Site "https://www.chess.com"]

[Event "Titled Tuesday Blitz January 03 Early 2023"]
[White "Tan, Zhongyi"]
[Black "Jones, Gawain C B"]
[WhiteFideId "8603642"]
[BlackFideId "409561"]
[WhiteElo "2517"]
[BlackElo "2618"]
[Result "0-1"]
[Round "05"]
[TimeControl "180+2"]
[Date "2023.01.03"]
[WhiteClock "0:00:03"]
[BlackClock "0:00:05"]

1. e4 c5 2. Nf3 Nc6 3. Bb5 g6 4. O-O Bg7 5. Re1 e5 6. a3 Nge7 7. b4 cxb4 8. axb4 Nxb4 9. Ba3 Nbc6 10. c3 O-O 11. d4 d6 12. d5 Nb8 13. Nbd2 a6 14. Bf1 Bg4 15. h3 Bxf3 16. Qxf3 Qc7 17. Nc4 Nc8 18. Bb4 Nd7 19. Reb1 b6 20. Na3 Nc5 21. c4 Ne7 22. Nc2 f5 23. exf5 e4 24. Qd1 Bxa1 25. Rxa1 Nxf5 26. Bc3 Rae8 27. Nd4 e3 28. fxe3 Rxe3 29. Nxf5 Rxf5 30. Qd4 Rfe5 31. Rb1 Na4 32. Ba1 Qc5 33. Kf2 Ra3 34. Qxc5 Ra2+ 35. Kg3 Nxc5 36. Bxe5 dxe5 37. Rxb6 Ne4+ 38. Kh2 Nd2 39. Be2 e4 40. d6 Nf3+ 41. Kg3 Ne5 42. Rb8+ Kf7 43. Bg4 Rd2 44. c5 g5 45. Rb7+ Kf6 46. d7 h5 47. Bxh5 Rd3+ 48. Kh2 Rxd7 49. c6 Rxb7 50. cxb7 Nc6 51. Be2 a5 52. Bb5 Nb8 53. Kg3 Kf5 54. Kf2 Kf4 55. g3+ Ke5 56. Ke3 Kd5 57. h4 gxh4 58. gxh4 Ke5 59. h5 Kf5 60. h6 Kg6 61. Kxe4 Kxh6 62. Ke5 Kg7 63. Kd6 a4 64. Kc7 a3 65. Bc4 Na6+ 66. Bxa6 a2 67. b8=Q a1=Q 68. Qb7 Qf6 69. Kb8+ Qf7 70. Qg2+ Qg6 71. Qb2+ Qf6 72. Qb5 Qf8+ 73. Bc8 Qd6+ 74. Ka8 Qa3+ 75. Kb7 Qf3+ 76. Kb8 Qg3+ 77. Ka7 Qc7+ 78. Bb7 Kf6 79. Qb2+ Qe5 80. Qf2+ Ke7 81. Kb6 Qd6+ 82. Bc6 Qb8+ 83. Ka6 Qc8+ 84. Bb7 Qc4+ 85. Ka7 Qa4+ 86. Kb8 Qe8+ 87. Ka7 Qa4+ 88. Kb6 Qb4+ 89. Kc7 Qd6+ 90. Kc8 Qd8# 0-1


[Site "https://www.chess.com"]

[Event "Titled Tuesday Blitz January 03 Early 2023"]
[White "Dourerassou, Jonathan"]
[Black "Yeletsky, Ivan"]
[WhiteFideId "628050"]
[BlackFideId "24180327"]
[WhiteElo "2414"]
[BlackElo "2494"]
[Result "0-1"]
[Round "05"]
[TimeControl "180+2"]
[Date "2023.01.03"]
[WhiteClock "0:00:16"]
[BlackClock "0:00:35"]

1. d4 Nf6 2. Bg5 Nc6 3. Bxf6 gxf6 4. d5 Ne5 5. e4 e6 6. Nf3 Bc5 7. Nc3 Ng4 8. Nd4 f5 9. Qd2 Qf6 10. Ncb5 c6 11. dxc6 bxc6 12. Nc7+ Kd8 13. Nxa8 Qxd4 14. Qxd4 Bxd4 15. O-O-O Bxf2 16. exf5 Be3+ 17. Kb1 Nf2 18. Be2 Nxh1 19. Rxh1 Bb7 20. fxe6 fxe6 21. Rf1 Bxa8 22. c3 Ke7 23. Bf3 c5 24. Bxa8 Rxa8 25. Rf3 Bg5 26. Kc2 Rf8 27. Rg3 Rf2+ 28. Kb3 Bf6 29. Rh3 Rxg2 30. Rxh7+ Kd6 31. h4 Rh2 32. h5 Kc6 33. a4 Bg5 34. Rh8 Bc1 35. a5 Rxb2+ 36. Ka4 c4 37. h6 Rh2 38. h7 Kc7 39. Kb5 Bd2 40. Kxc4 Rh3 41. Kb5 Bxc3 42. Ra8 Rxh7 43. Rxa7+ Kb8 44. Ka6 Bd4 45. Rb7+ Kc8 46. Rb4 Bc5 47. Rb1 d6 48. Rf1 Ra7+ 49. Kb5 Rh7 50. a6 Rh2 51. Kc6 Kb8 52. Rf7 Rb2 53. Kd7 Rb6 54. Kxe6 Rxa6 55. Kd5 Rb6 56. Rh7 Rb7 57. Rh8+ Ka7 58. Kc6 Rb6+ 59. Kc7 Ka6 60. Rh1 Rb4 61. Kc6 Ka5 62. Rh8 Ka4 63. Kd5 Kb3 64. Rh3+ Kc2 65. Rh2+ Kd1 66. Rh1+ Ke2 67. Rh2+ Kf3 68. Rh3+ Kg4 69. Rh1 Rd4+ 70. Ke6 Re4+ 71. Kd5 Re5+ 72. Kc4 Kf5 73. Rh8 Be3 74. Rh5+ Ke4 75. Rh4+ Bf4 76. Kc3 d5 77. Rh1 d4+ 78. Kc4 d3 79. Re1+ Be3 80. Rh1 d2 81. Kc3 Rc5+ 0-1


[Site "https://www.chess.com"]

[Event "Titled Tuesday Blitz January 03 Early 2023"]
[White "Shuvalova, Polina"]
[Black "Zhigalko, Sergei"]
[WhiteFideId "24171760"]
[BlackFideId "13502956"]
[WhiteElo "2484"]
[BlackElo "2572"]
[Result "0-1"]
[Round "05"]
[TimeControl "180+2"]
[Date "2023.01.03"]
[WhiteClock "0:00:10"]
[BlackClock "0:00:08"]

1. d4 Nf6 2. Nf3 e6 3. Bf4 d5 4. e3 Bd6 5. Bxd6 Qxd6 6. c4 O-O 7. Nc3 c6 8. Rc1 Nbd7 9. cxd5 exd5 10. Bd3 Re8 11. O-O Ne4 12. Qc2 Qe7 13. Rfe1 g6 14. a3 Ndf6 15. Ne5 Nxc3 16. bxc3 Qxa3 17. c4 Qe7 18. Ra1 dxc4 19. Bxc4 Be6 20. Reb1 Bxc4 21. Qxc4 a6 22. Rb2 Rac8 23. Nd3 Ne4 24. Rab1 b5 25. Qb3 c5 26. dxc5 Nxc5 27. Nxc5 Rxc5 28. Ra2 Rec8 29. h3 Rc1+ 30. Rxc1 Rxc1+ 31. Kh2 Qc7+ 32. f4 Rc3 33. Qd5 Rxe3 34. Qd4 Re6 35. h4 Qd6 36. Qf2 h5 37. g3 Qe7 38. Qf3 Kh7 39. f5 Rf6 40. fxg6+ fxg6 41. Qd3 Qf7 42. Qe2 b4 43. Rd2 b3 44. Kh3 Qe6+ 45. Qxe6 Rxe6 46. Rd7+ Kh6 47. Rb7 Re3 48. Ra7 b2 49. Rb7 Re2 50. g4 hxg4+ 51. Kxg4 a5 52. Rb6 Rg2+ 53. Kf3 Rc2 54. Kg4 Rc4+ 55. Kg3 Rb4 0-1


[Site "https://www.chess.com"]

[Event "Titled Tuesday Blitz January 03 Early 2023"]
[White "Shipov, Sergei"]
[Black "Nakamura, Hikaru"]
[WhiteFideId "4113624"]
[BlackFideId "2016192"]
[WhiteElo "2541"]
[BlackElo "2775"]
[Result "0-1"]
[Round "05"]
[TimeControl "180+2"]
[Date "2023.01.03"]
[WhiteClock "0:00:01"]
[BlackClock "0:00:27"]

1. d4 f5 2. g3 e6 3. Bg2 Nf6 4. Nf3 d6 5. O-O Be7 6. b4 O-O 7. Bb2 Qe8 8. c4 Nc6 9. a3 Nd8 10. Nc3 c6 11. Re1 d5 12. Qb3 Nf7 13. a4 Ne4 14. b5 g5 15. Nxe4 fxe4 16. Nd2 Nd6 17. f3 exf3 18. exf3 Qf7 19. Re2 Nf5 20. Rae1 Bf6 21. Qd3 Rd8 22. c5 Bd7 23. Bh3 Qg7 24. Nb3 Rab8 25. b6 a6 26. Rxe6 Bxe6 27. Rxe6 Nh6 28. Na5 Re8 29. Kg2 g4 30. Rxe8+ Rxe8 31. fxg4 Nxg4 32. Bc1 Re4 33. Bf4 h5 34. Qf3 Bxd4 0-1


[Site "https://www.chess.com"]

[Event "Titled Tuesday Blitz January 03 Early 2023"]
[White "Rustemov, Alexander"]
[Black "Deac, Bogdan-Daniel"]
[WhiteFideId "4119002"]
[BlackFideId "1226380"]
[WhiteElo "2525"]
[BlackElo "2700"]
[Result "1/2-1/2"]
[Round "05"]
[TimeControl "180+2"]
[Date "2023.01.03"]
[WhiteClock "0:00:07"]
[BlackClock "0:00:05"]

1. d4 Nf6 2. c4 g6 3. Nf3 Bg7 4. g3 c5 5. Bg2 O-O 6. O-O d6 7. Nc3 Nc6 8. dxc5 dxc5 9. Bf4 Be6 10. Ne5 Na5 11. Qa4 Nh5 12. Rfd1 Qb6 13. Nd5 Bxd5 14. cxd5 Nxf4 15. gxf4 Rfd8 16. Rac1 Rac8 17. b3 Qa6 18. Nc4 b6 19. Nxa5 bxa5 20. Qc4 Qb6 21. e3 Qb4 22. Rc2 Bf6 23. Rdc1 Qb6 24. Bf3 Kg7 25. Kg2 Re8 26. Qe2 a4 27. bxa4 Qd6 28. Qb5 a6 29. Qa5 Rb8 30. Qxc5 Qd8 31. Qc7 Rb4 32. Qxd8 Rxd8 33. Rc4 Rdb8 34. Be2 Rxc4 35. Bxc4 Rb2 36. Bxa6 Rxa2 37. Bb5 Bh4 38. Rf1 f5 39. Kf3 h6 40. h3 Kf6 41. Bd7 g5 42. fxg5+ hxg5 43. Kg2 Ke5 44. Bc6 Kd6 45. Kf3 Ke5 46. Kg2 f4 47. Kf3 Ra3 48. Re1 Kd6 49. Re2 fxe3 50. Rxe3 Ra2 51. Re6+ Kc5 52. Re2 Ra3+ 53. Kg4 Ra1 54. Rxe7 Bxf2 55. Kxg5 Rh1 56. Rh7 Rg1+ 57. Kf5 Bd4 58. h4 Rf1+ 59. Ke6 Re1+ 60. Kd7 Rh1 61. h5 Be5 62. Ke6 Bd6 63. Kf5 Rf1+ 64. Ke4 Re1+ 65. Kd3 Rd1+ 66. Kc2 Rh1 67. Rh8 Rh2+ 68. Kd3 Rh3+ 69. Ke4 Rh4+ 70. Kf5 Rf4+ 71. Kg5 Rf1 72. h6 Rg1+ 73. Kf5 Rf1+ 74. Kg6 Rg1+ 75. Kh7 Rh1 76. Rg8 Bf4 77. Rg6 Rh2 78. a5 Ra2 79. Rf6 Be5 80. Re6 Bd6 81. Rxd6 Kxd6 82. Kg7 Rg2+ 83. Kh8 Kc7 84. h7 Ra2 85. Kg7 Rg2+ 86. Kf6 Rf2+ 87. Kg6 Rg2+ 88. Kf7 Rh2 89. a6 Kb6 90. Kg7 Rg2+ 91. Kh8 Rh2 92. Bd7 Kxa6 93. Bf5 Kb6 94. Kg7 Kc5 95. Be6 Rg2+ 96. Kh6 Rh2+ 97. Kg6 Kd6 98. Kg7 Rg2+ 99. Kh6 Rh2+ 100. Kg6 Ke7 101. Bg4 Kd6 102. Bf5 Rg2+ 103. Kf6 Rh2 104. Kg7 Rxh7+ 105. Bxh7 Kxd5 1/2-1/2


[Site "https://www.chess.com"]

[Event "Titled Tuesday Blitz January 03 Early 2023"]
[White "Nepomniachtchi, Ian"]
[Black "Harsh Suresh"]
[WhiteFideId "4168119"]
[BlackFideId "45018464"]
[WhiteElo "2794"]
[BlackElo "2298"]
[Result "1/2-1/2"]
[Round "05"]
[TimeControl "180+2"]
[Date "2023.01.03"]
[WhiteClock "0:01:38"]
[BlackClock "0:00:08"]

1. e4 c6 2. d3 d5 3. Nf3 dxe4 4. dxe4 Qxd1+ 5. Kxd1 Nf6 6. Nfd2 h5 7. a4 g6 8. a5 Bh6 9. f3 h4 10. Nc4 Bxc1 11. Kxc1 Be6 12. Nbd2 Nbd7 13. b4 Rh5 14. Ne3 O-O-O 15. a6 b6 16. Bc4 Bxc4 17. Ndxc4 Ne5 18. Nxe5 Rxe5 19. Rd1 Rxd1+ 20. Kxd1 Rb5 21. c3 Kc7 22. Kc2 Nh5 23. Rd1 Rg5 24. Kb3 Nf4 25. Rd2 Kc8 26. c4 Kc7 27. Kc3 Kc8 28. Ng4 Kc7 29. Kd4 Ne6+ 30. Ke3 f5 31. exf5 Rxf5 32. g3 hxg3 33. hxg3 b5 34. c5 Nf8 35. f4 Nd7 36. Rh2 Rh5 37. Rd2 Rh1 38. Ne5 Re1+ 39. Kf2 Nxe5 40. Kxe1 Nf3+ 41. Ke2 Nxd2 42. Kxd2 Kd7 43. Ke3 Ke6 44. Ke4 Kf6 45. g4 e6 46. Kd4 e5+ 47. fxe5+ Ke6 48. Ke4 g5 49. Kd4 Ke7 50. Kd3 Kd7 51. Ke3 Ke7 52. Kd4 Kd7 53. Ke4 Ke6 54. Kd4 Kd7 55. Ke3 Ke7 56. Kf3 Kf7 57. Ke4 Ke6 1/2-1/2


[Site "https://www.chess.com"]

[Event "Titled Tuesday Blitz January 03 Early 2023"]
[White "Avila Pavas, Santiago"]
[Black "Fedoseev, Vladimir"]
[WhiteFideId "4437128"]
[BlackFideId "24130737"]
[WhiteElo "2522"]
[BlackElo "2680"]
[Result "0-1"]
[Round "05"]
[TimeControl "180+2"]
[Date "2023.01.03"]
[WhiteClock "0:00:02"]
[BlackClock "0:00:08"]

1. d4 Nf6 2. Nf3 e6 3. Bf4 b5 4. e3 a6 5. Nbd2 Bb7 6. h3 c5 7. c3 Be7 8. Bd3 O-O 9. O-O cxd4 10. cxd4 Nc6 11. a3 Rc8 12. e4 d6 13. Be3 Nd7 14. Qe2 Nb6 15. Rad1 d5 16. Rfe1 Na5 17. Ne5 Nac4 18. exd5 Bxd5 19. Ndxc4 bxc4 20. Bb1 Nd7 21. Qc2 f5 22. Qa4 Nxe5 23. dxe5 Bc5 24. Bxc5 Rxc5 25. Qxa6 Qg5 26. Rxd5 exd5 27. Qd6 Qd2 28. Rf1 Rcc8 29. e6 g6 30. e7 Rfe8 31. Qe6+ Kg7 32. Qe5+ Kh6 33. Re1 Rc7 34. Re3 Qd1+ 35. Kh2 Rcxe7 36. Qf4+ Kg7 37. Bxf5 Rxe3 38. fxe3 gxf5 39. Qg5+ Kf7 40. Qxf5+ Ke7 41. Qxh7+ Kd6 42. Qf5 Qa4 43. Qf6+ Kc7 44. h4 Qd7 45. Qf4+ Qd6 46. Kg3 Rxe3+ 47. Kg4 Re4 0-1


[Site "https://www.chess.com"]

[Event "Titled Tuesday Blitz January 03 Early 2023"]
[White "Bortnyk, Olexandr"]
[Black "Zohid6"]
[WhiteFideId "14120828"]
[WhiteElo "2605"]
[BlackElo "2748"]
[Result "1-0"]
[Round "05"]
[TimeControl "180+2"]
[Date "2023.01.03"]
[WhiteClock "0:01:17"]
[BlackClock "0:00:07"]

1. e4 e6 2. d4 d5 3. Nc3 Nf6 4. Bg5 Be7 5. Bxf6 Bxf6 6. Nf3 dxe4 7. Nxe4 Nd7 8. Bd3 b6 9. Nxf6+ Qxf6 10. Be4 Rb8 11. Qd3 Qe7 12. O-O-O h6 13. g4 Qd6 14. Kb1 Nf6 15. Rhe1 Nxe4 16. Qxe4 Bb7 17. d5 O-O 18. g5 Bxd5 19. Qh4 Qc5 20. gxh6 Bxf3 21. hxg7 Bh5 22. gxf8=Q+ Kxf8 23. Rd7 Kg7 24. Qg3+ Bg6 25. Rxc7 Qb4 26. Rxe6 Kf8 27. a3 Qd4 28. Rxg6 fxg6 29. Qf3+ Ke8 30. Qf7+ 1-0


[Site "https://www.chess.com"]

[Event "Titled Tuesday Blitz January 03 Early 2023"]
[White "Tanenbaum, Zachary"]
[Black "Pranav, V"]
[WhiteFideId "2060850"]
[BlackFideId "25060783"]
[WhiteElo "2261"]
[BlackElo "2597"]
[Result "0-1"]
[Round "05"]
[TimeControl "180+2"]
[Date "2023.01.03"]
[WhiteClock "0:00:05"]
[BlackClock "0:00:54"]

1. e4 Nc6 2. Nf3 e6 3. d4 d5 4. Nc3 Nf6 5. e5 Ne4 6. Ne2 f6 7. Ng3 fxe5 8. Bb5 exd4 9. Nxe4 dxe4 10. Nxd4 Bd7 11. Bxc6 bxc6 12. Qh5+ g6 13. Qe5 Kf7 14. Bg5 Qb8 15. Qf6+ Kg8 16. Nxe6 Qb5 17. Nxc7 Qa5+ 18. Bd2 Bb4 19. c3 Qxc7 20. cxb4 Rf8 21. Qd4 Kf7 22. Bc3 Rhg8 23. O-O-O Bf5 24. Qf6+ Ke8 25. Qh4 g5 26. Qh6 Rg6 27. Qh5 Qf4+ 28. Rd2 Rf7 29. Re1 Bg4 30. g3 Qxd2+ 31. Bxd2 Bxh5 32. Rxe4+ Re7 0-1


[Site "https://www.chess.com"]

[Event "Titled Tuesday Blitz January 03 Early 2023"]
[White "Lazavik, Denis"]
[Black "Pakleza, Zbigniew"]
[WhiteFideId "13515110"]
[BlackFideId "1119290"]
[WhiteElo "2544"]
[BlackElo "2494"]
[Result "1/2-1/2"]
[Round "05"]
[TimeControl "180+2"]
[Date "2023.01.03"]
[WhiteClock "0:00:26"]
[BlackClock "0:00:35"]

1. d4 d5 2. c4 c6 3. Nf3 Nf6 4. e3 Bf5 5. Nc3 e6 6. Nh4 Be4 7. f3 Bg6 8. Bd2 Nbd7 9. Qb3 Qb6 10. Nxg6 hxg6 11. g3 Bd6 12. Kf2 O-O-O 13. c5 Qxb3 14. axb3 Bb8 15. Kg2 e5 16. b4 a6 17. Bd3 Rde8 18. Rae1 exd4 19. exd4 Rxe1 20. Rxe1 Nf8 21. h4 Kd7 22. Ne2 Ne6 23. Rh1 Bc7 24. g4 Ng8 25. f4 Ne7 26. Kf3 f5 27. g5 Nc8 28. Be3 Na7 29. Ng3 Nb5 30. Bxb5 axb5 31. h5 gxh5 32. Rxh5 Rxh5 33. Nxh5 g6 34. Ng3 Bd8 35. Ne2 Be7 36. Bf2 Bf8 37. Ke3 Nc7 38. Kd3 Ne6 39. Be3 Be7 40. Ng1 Bd8 41. Ne2 Bc7 42. Bd2 Ke7 1/2-1/2


[Site "https://www.chess.com"]

[Event "Titled Tuesday Blitz January 03 Early 2023"]
[White "Ardelean, George-Catalin"]
[Black "Sjugirov, Sanan"]
[WhiteFideId "1207091"]
[BlackFideId "4189302"]
[WhiteElo "2470"]
[BlackElo "2712"]
[Result "0-1"]
[Round "05"]
[TimeControl "180+2"]
[Date "2023.01.03"]
[WhiteClock "0:00:08"]
[BlackClock "0:00:14"]

1. d4 Nf6 2. Bf4 d5 3. e3 c5 4. Nc3 Bd7 5. Nf3 cxd4 6. exd4 Nc6 7. Ne5 e6 8. Qd3 Bb4 9. O-O-O Qa5 10. Nb5 Qxa2 11. c3 Rc8 12. Nxd7 Kxd7 13. Qg3 a6 14. Qxg7 Be7 15. Nd6 Rcg8 16. Qxf7 Rf8 17. Bd3 Rxf7 18. Nxf7 Rc8 19. Bb1 Qa1 20. Rhe1 Ne4 21. f3 Ba3 22. bxa3 Qxa3+ 23. Kc2 Qxc3# 0-1


[Site "https://www.chess.com"]

[Event "Titled Tuesday Blitz January 03 Early 2023"]
[White "Narayanan.S.L"]
[Black "Starozhilov, Leonid"]
[WhiteFideId "5058422"]
[BlackFideId "14106752"]
[WhiteElo "2660"]
[BlackElo "2313"]
[Result "1-0"]
[Round "05"]
[TimeControl "180+2"]
[Date "2023.01.03"]
[WhiteClock "0:01:12"]
[BlackClock "0:00:08"]

1. e4 g6 2. d4 Bg7 3. Nf3 d6 4. Bd3 Nf6 5. O-O O-O 6. Re1 Bg4 7. Nbd2 c5 8. c3 cxd4 9. cxd4 Nc6 10. h3 Bxf3 11. Nxf3 Nd7 12. Be3 e5 13. Bc4 exd4 14. Nxd4 Nde5 15. Bb3 Na5 16. Rc1 a6 17. Bd5 Rc8 18. Rxc8 Qxc8 19. b3 Nac6 20. Nf3 Nxf3+ 21. Qxf3 Nd4 22. Bxd4 Bxd4 23. h4 b5 24. h5 Qc3 25. Qxc3 Bxc3 26. Re3 Bd4 27. Rd3 Bc5 28. h6 Rc8 29. g3 Kf8 30. Rf3 Rc7 31. Kg2 b4 32. g4 Ke8 33. g5 a5 34. Kg3 Bd4 35. Kg4 Be5 36. Bc4 Rxc4 37. bxc4 a4 38. Rd3 b3 39. a3 b2 40. Rd1 Bd4 41. Rb1 Kd7 42. Kf3 Kc6 43. Ke2 Kc5 44. Kd3 Be5 45. f4 Bd4 46. Rf1 f6 47. Kc2 Kxc4 48. f5 gxf5 49. g6 1-0


[Site "https://www.chess.com"]

[Event "Titled Tuesday Blitz January 03 Early 2023"]
[White "Cardoso Cardoso, Jose Gabriel"]
[Black "Oparin, Grigoriy"]
[WhiteFideId "4430492"]
[BlackFideId "24125890"]
[WhiteElo "2492"]
[BlackElo "2667"]
[Result "0-1"]
[Round "05"]
[TimeControl "180+2"]
[Date "2023.01.03"]
[WhiteClock "0:00:20"]
[BlackClock "0:01:30"]

1. Nf3 Nf6 2. g3 c5 3. c4 g6 4. Bg2 Bg7 5. O-O d5 6. d3 O-O 7. cxd5 Nxd5 8. Nc3 Nc6 9. Bd2 Nxc3 10. bxc3 Bd7 11. Qc2 Qc7 12. Rab1 b6 13. Be3 c4 14. Rfd1 Rac8 15. Qd2 cxd3 16. exd3 Rfd8 17. Bf4 Ne5 18. Nxe5 Bxe5 19. Bxe5 Qxe5 20. d4 Qa5 21. Re1 Qxc3 22. Qxc3 Rxc3 23. Rxe7 Kf8 24. Re2 Be6 25. Rd2 Bc4 26. Rbd1 Ra3 27. Rc1 Rxa2 28. Rxa2 Bxa2 29. Ra1 Bc4 30. Rxa7 Rxd4 31. Bf3 b5 32. Rb7 h5 33. h4 Kg7 34. Kg2 Rd3 35. Bc6 Rb3 36. Be8 Bd5+ 0-1


[Site "https://www.chess.com"]

[Event "Titled Tuesday Blitz January 03 Early 2023"]
[White "Bachmann, Axel"]
[Black "Kadric, Denis"]
[WhiteFideId "3700488"]
[BlackFideId "14403803"]
[WhiteElo "2604"]
[BlackElo "2601"]
[Result "1/2-1/2"]
[Round "05"]
[TimeControl "180+2"]
[Date "2023.01.03"]
[WhiteClock "0:00:12"]
[BlackClock "0:01:21"]

1. d4 d6 2. Nf3 Nf6 3. g3 Nbd7 4. Bg2 e5 5. O-O e4 6. Ng5 d5 7. c4 h6 8. Nh3 c6 9. Nc3 Bb4 10. Qb3 Bxc3 11. Qxc3 O-O 12. b3 Re8 13. Ba3 Nf8 14. Bxf8 Kxf8 15. Rac1 Qe7 16. Qd2 e3 17. Qxe3 Qxe3 18. fxe3 Bxh3 19. Bxh3 Rxe3 20. Rc2 Rae8 21. Kf2 g6 22. Rd1 Kg7 23. Bg2 Ng4+ 24. Kg1 Rxe2 25. Rxe2 Rxe2 26. Bf3 Rxh2 27. Bxg4 Rxa2 28. cxd5 cxd5 29. Bf3 Ra5 30. Rc1 Rb5 31. Rc3 b6 32. Kf2 f5 33. Rc7+ Kf6 34. Rxa7 Rxb3 35. Bxd5 Rd3 36. Ra4 Kg5 37. Rb4 h5 38. Bf7 Kf6 39. Be8 f4 40. gxf4 Kf5 41. Ke2 Ra3 42. Rxb6 Kxf4 43. Bxg6 h4 44. Be8 Re3+ 45. Kf2 Rxe8 46. Rf6+ Kg5 47. Rf7 Re4 48. d5 Rd4 49. Kg2 Rxd5 50. Kh2 Kg4 51. Rf2 Rd3 52. Rg2+ Rg3 53. Rxg3+ hxg3+ 54. Kg2 Kf4 55. Kg1 Kf3 56. Kf1 g2+ 57. Kg1 Kg3 1/2-1/2


[Site "https://www.chess.com"]

[Event "Titled Tuesday Blitz January 03 Early 2023"]
[White "Fernandez Guillen, Ernesto J."]
[Black "Bortnyk, Mykola"]
[WhiteFideId "3512428"]
[BlackFideId "14120836"]
[WhiteElo "2477"]
[BlackElo "2425"]
[Result "0-1"]
[Round "05"]
[TimeControl "180+2"]
[Date "2023.01.03"]
[WhiteClock "0:00:04"]
[BlackClock "0:00:08"]

1. e4 Nf6 2. Nc3 d5 3. exd5 Nxd5 4. d4 Bf5 5. Bd3 Bxd3 6. cxd3 e6 7. Nf3 Be7 8. O-O O-O 9. Re1 Nc6 10. Ne4 h6 11. Bd2 Bf6 12. Nxf6+ Qxf6 13. Re4 Rad8 14. Rc1 Nde7 15. Qa4 Nf5 16. Bc3 Rd5 17. Qb3 b6 18. Qa4 b5 19. Qa6 Nfe7 20. Bd2 Nxd4 21. Nxd4 Rxd4 22. Bc3 c5 23. Bxd4 cxd4 24. Qxa7 Nf5 25. Qc5 Ra8 26. a3 Qg5 27. g3 Rb8 28. Rc2 Qh5 29. g4 Qg6 30. Kf1 Nh4 31. Qh5 Qf6 32. Qe5 Qd8 33. Rxd4 Qb6 34. Rd6 Qb7 35. Qe4 Qe7 36. Rdc6 Qd8 37. d4 Ng6 38. b4 Ra8 39. R6c3 Kh7 40. h3 Ra7 41. Rd3 Rd7 42. Rc5 Qb6 43. d5 exd5 44. Rdxd5 Re7 45. Qd3 Qe6 46. Kg2 Re8 47. Qf5 Qe2 48. h4 Kg8 49. Kg3 Qf1 50. Qf3 Qg1+ 51. Qg2 Qa1 52. Rd3 Qf6 53. Qf3 Qxh4+ 54. Kg2 Qe7 55. Qe3 Qf8 56. Qd2 Qe7 57. Rcd5 Kh7 58. Rd8 Rxd8 59. Rxd8 Qe4+ 60. f3 Nh4+ 61. Kg3 Qxf3+ 62. Kh2 Qxg4 63. Qd3+ f5 64. Qg3 Qh5 65. Kg1 Nf3+ 66. Kf2 Ng5 67. Qf4 Nh3+ 68. Ke3 Nxf4 69. Kxf4 Qh4+ 70. Kxf5 Qxd8 0-1


[Site "https://www.chess.com"]

[Event "Titled Tuesday Blitz January 03 Early 2023"]
[White "Nouri, Alekhine"]
[Black "Movahed, Sina"]
[WhiteFideId "5216184"]
[BlackFideId "42520835"]
[WhiteElo "2257"]
[BlackElo "2340"]
[Result "1-0"]
[Round "05"]
[TimeControl "180+2"]
[Date "2023.01.03"]
[WhiteClock "0:00:16"]
[BlackClock "0:00:13"]

1. e4 c5 2. Nc3 a6 3. g3 b5 4. Bg2 Bb7 5. d3 d6 6. Nh3 Nd7 7. O-O g6 8. f4 Bg7 9. f5 Ngf6 10. Bg5 O-O 11. Qd2 Ne5 12. Rae1 Rc8 13. Ne2 b4 14. Nef4 a5 15. c3 Qb6 16. Kh1 Ba6 17. Bxf6 exf6 18. Nd5 Qd8 19. c4 a4 20. Nhf4 Nc6 21. Bh3 Rb8 22. fxg6 hxg6 23. Rf2 Ne5 24. Ref1 a3 25. b3 Bb7 26. Ne3 Qe7 27. Nfd5 Bxd5 28. Nxd5 Qd8 29. d4 cxd4 30. Qxd4 Nc6 31. Qd2 Rb7 32. Nxf6+ Bxf6 33. Rxf6 Ne5 34. Qd5 Re7 35. Rxd6 Qe8 36. c5 Kg7 37. c6 Rh8 38. Bd7 Qg8 39. Rf2 Qb8 40. Rdf6 Qb6 41. Qd6 Qe3 42. Qxe7 Qxe4+ 43. R6f3 Rxh2+ 44. Kxh2 Nxf3+ 45. Rxf3 Qxe7 46. Rf2 Qc5 47. Kg2 f5 48. Re2 Kf6 49. Kf3 g5 50. Re6+ Kf7 51. Re3 Qd4 52. Bxf5 g4+ 53. Kf2 Qb2+ 54. Re2 Qd4+ 55. Kg2 Qd5+ 56. Be4 Qe6 57. c7 Kf6 58. Rf2+ Kg5 59. Bb7 Qh6 60. c8=Q Qh3+ 61. Kg1 Qxg3+ 62. Bg2 Qe3 63. Qf5+ Kh4 64. Qh7+ Kg3 65. Qh2# 1-0


[Site "https://www.chess.com"]

[Event "Titled Tuesday Blitz January 03 Early 2023"]
[White "Lavrik, Dmitry"]
[Black "Shimanov, Aleksandr"]
[WhiteFideId "24113190"]
[BlackFideId "4198603"]
[WhiteElo "2414"]
[BlackElo "2581"]
[Result "0-1"]
[Round "05"]
[TimeControl "180+2"]
[Date "2023.01.03"]
[WhiteClock "0:00:09"]
[BlackClock "0:00:45"]

1. d4 e6 2. c4 c5 3. d5 d6 4. Nc3 g6 5. e4 Bg7 6. Bd3 Bxc3+ 7. bxc3 e5 8. f4 Nd7 9. Nf3 Qe7 10. O-O exf4 11. Bxf4 f6 12. Qd2 Kd8 13. Nd4 Ne5 14. Be2 Bd7 15. a4 Rc8 16. Rfc1 g5 17. Bg3 h5 18. Qb2 Rc7 19. Nb5 Bxb5 20. axb5 b6 21. Ra4 Ng6 22. Rca1 h4 23. Bf2 Nh6 24. Qc2 Nf4 25. Bf1 Rh7 26. Be3 Ng6 27. e5 Qxe5 28. Re1 Ng4 29. g3 hxg3 30. Qxg6 Rcg7 31. Qd3 Re7 32. Bd2 gxh2+ 33. Kh1 Nf2+ 0-1


[Site "https://www.chess.com"]

[Event "Titled Tuesday Blitz January 03 Early 2023"]
[White "Chigaev, Maksim"]
[Black "Concio, Michael Jr."]
[WhiteFideId "4108116"]
[BlackFideId "5217873"]
[WhiteElo "2628"]
[BlackElo "2395"]
[Result "1-0"]
[Round "05"]
[TimeControl "180+2"]
[Date "2023.01.03"]
[WhiteClock "0:00:06"]
[BlackClock "0:00:05"]

1. e4 e5 2. Nf3 Nc6 3. Bc4 Nf6 4. d3 h6 5. O-O Bc5 6. a4 a6 7. c3 d6 8. Nbd2 O-O 9. Re1 Be6 10. h3 Qe7 11. b4 Bb6 12. a5 Ba7 13. Nf1 d5 14. exd5 Bxd5 15. Bxd5 Nxd5 16. Qb3 Rfd8 17. Ng3 Qd7 18. Ne4 Nde7 19. Be3 Bxe3 20. Rxe3 b6 21. axb6 cxb6 22. Ng3 Nd5 23. Nxe5 Qb7 24. Re4 Nxe5 25. Rxe5 Nf4 26. Re4 Nxd3 27. Rd1 a5 28. Qb1 f5 29. Rh4 Ne5 30. Rxd8+ Rxd8 31. bxa5 Rd6 32. Nxf5 Rg6 33. Ng3 Qe7 34. Re4 Qc5 35. axb6 Rxb6 36. Qa2+ Kh7 37. Kh2 Qxc3 38. Qd5 Ng6 39. Rg4 Qc7 40. Qf5 Rf6 41. Qb1 Qe5 42. Kg1 h5 43. Re4 Qc5 44. Re2 Kh6 45. Ne4 Qf5 46. Qc1+ Qf4 47. Qc8 Rf8 48. Qc2 Ne5 49. g3 Nf3+ 50. Kg2 Qf5 51. Qc1+ Kh7 52. Qe3 g5 53. Nd6 Qf6 54. Qe4+ Kh6 55. Qe6 g4 56. hxg4 hxg4 57. Qxg4 Qxd6 58. Re6+ Qxe6 59. Qxe6+ Kg7 60. Qg4+ Kh6 61. Qxf3 1-0


[Site "https://www.chess.com"]